 Dungeon Crawl Stone Soup version 0.8.0-a0-5940-ged92f75 character file.

1191363 megabat the Necromancer (level 27, 162/162 HPs)
             Began as a Human Venom Mage on Mar 24, 2011.
             Was the Champion of Kikubaaqudgha.
             Escaped with the Orb
             ... and 3 runes (of 3 types) on Mar 26, 2011!
             The game lasted 09:26:55 (154034 turns).

megabat the Necromancer (Human Venom Mage)        Turns: 154034, Time: 09:26:55

HP 162/162       AC 16     Str 12 Exp: 27/1162475 (0)
MP  36/39        EV 31     Int 32      God: Kikubaaqudgha [******]
Gold 958         SH 21     Dex 16      Spells: 16 memorised,  2 levels left

Res.Fire  : + + +   See Invis. : +   L - +7,+9 sabre (pain)
Res.Cold  : + + .   Warding    : . . J - +3 animal skin "Zuamuguz" {rPois SInv}
Life Prot.: . . .   Conserve   : +   d - +5 buckler of Filth {Int+4 Dam+2}
Res.Acid. : + . .   Res.Corr.  : +   f - +2 hat of the Alchemist {rElec rF+ rC+ MR}
Res.Poison: +       Clarity    : .   h - +2 elf cloak {rCorr, Cons}
Res.Elec. : +       Spirit.Shd : .   O - +2 pair of elf gauntlets {Str+3}
Sust.Abil.: . .     Stasis     : .   p - +2 pair of boots {run}
Res.Mut.  : .       Ctrl.Telep.: +   Y - amulet "Hiurit" {cFly MR Dam+2}
Res.Rott. : .       Levitation : .   U - ring of Shaolin {EV+8}
Saprovore : . . .   Ctrl.Flight: +   B - ring "Jodiac" {rF++ rC+ Dex+3}

@: very slightly glowing, quick, incredibly resistant to hostile enchantments,
quite stealthy
A: deformed body 1, herbivore 1, -10% hp, -10% mp, poison resistance, Int +1,
Dex -1
a: Receive Corpses, Torment, Renounce Religion


You escaped.
You worshipped Kikubaaqudgha.
Kikubaaqudgha was exalted by your worship.
You were very full.

You visited 12 branches of the dungeon, and saw 77 of its levels.
You visited 1 bazaar.
You visited 3 portal chambers: ossuary, spiders nest, wizlab.

You collected 8818 gold pieces.
You spent 7880 gold pieces at shops.

Inventory:

Hand weapons
 L - a +7,+9 sabre of pain (weapon)
Armour
 d - the +5 buckler of Filth (worn) {Int+4 Dam+2}
   (You took it off a deep elf soldier on level 5 of the Elven Halls)

   It affects your intelligence (+4).
   It affects your damage-dealing abilities (+2).
 f - the +2 hat of the Alchemist (worn) {rElec rF+ rC+ MR}
   (You bought it in a shop on level 5 of the Snake Pit)

   It protects you from fire.
   It protects you from cold.
   It insulates you from electricity.
   It increases your resistance to enchantments.
 h - a +2 elven cloak of preservation (worn)
 p - a +2 pair of boots of running (worn)
 J - the +3 animal skin "Zuamuguz" (worn) {rPois SInv}
   (You found it on level 1 of the Tomb of the Ancients)

   It protects you from poison.
   It enhances your eyesight.
 O - a +2 pair of elven gauntlets of strength (worn)
Magical devices
 b - a wand of teleportation (0)
 k - a wand of cold (6)
 l - a wand of healing (9)
 m - a wand of teleportation (14)
 n - a wand of hasting (9)
 s - a wand of digging (9)
 F - a wand of healing (7)
 N - a wand of disintegration (12)
 Z - a wand of healing (9)
Comestibles
 i - 2 bread rations
 j - 10 royal jellies
Scrolls
 H - 2 scrolls of remove curse
Jewellery
 c - a cursed -3 ring of strength
 r - the ring "Ibbaac" {Hunger- rF+ MR Str+3}
   (You found it on level 5 of the Elven Halls)

   [ring of sustenance]

   It affects your strength (+3).
   It protects you from fire.
   It increases your resistance to enchantments.
 t - the ring "Xoiso" {rElec MR Dex-2 Acc+1 Dam+1}
   (You found it on level 19 of the Dungeon)

   [ring of slaying]

   It affects your accuracy (+1).
   It affects your damage-dealing abilities (+1).
   It affects your dexterity (-2).
   It insulates you from electricity.
   It increases your resistance to enchantments.
 B - the ring "Jodiac" (left hand) {rF++ rC+ Dex+3}
   (You found it on level 5 of the Crypt)

   [ring of dexterity]

   It affects your dexterity (+3).
   It greatly protects you from fire.
   It protects you from cold.
 Q - the ring "Wiastraxo" {rF+ rC+ rN+ Int-2}
   (You found it on level 8 of the Lair of Beasts)

   [ring of life protection]

   It affects your intelligence (-2).
   It protects you from fire.
   It protects you from cold.
 U - the ring of Shaolin (right hand) {EV+8}
   (You found it on level 3 of the Tomb of the Ancients)

   [ring of evasion]

   It affects your evasion (+8).
 Y - the amulet "Hiurit" (around neck) {cFly MR Dam+2}
   (You found it on level 3 of the Tomb of the Ancients)

   [amulet of controlled flight]

   It affects your damage-dealing abilities (+2).
   It increases your resistance to enchantments.
Potions
 v - 2 potions of cure mutation
 D - 6 potions of healing
 E - 6 potions of resistance
 G - 2 potions of heal wounds
 P - 4 potions of agility
 W - 3 potions of magic
Orbs of Power
 a - the Orb of Zot
Miscellaneous
 e - a golden rune of Zot
 u - a serpentine rune of Zot
 T - a barnacled rune of Zot You had 0 experience left.


   Skills:
 + Level 11 Fighting
 - Level 14 Short Blades
 - Level 7 Slings
 - Level 6 Armour
 + Level 15 Dodging
 - Level 4 Stealth
 - Level 3 Stabbing
 - Level 6 Shields
 - Level 10 Traps & Doors
 + Level 16 Spellcasting
 - Level 15 Conjurations
 - Level 13 Charms
 - Level 14 Summonings
 - Level 16 Necromancy
 + Level 5 Translocations
 - Level 1 Transmutations
 - Level 9 Air Magic
 - Level 11 Poison Magic
 - Level 3 Evocations


You had 2 spell levels left.
You knew the following spells:

 Your Spells              Type           Power        Success   Level  Hunger
c - Iskenderun's Mystic   Conj           ########.    Excellent   4    None
e - Poisonous Cloud       Pois/Air/Conj  #######...   Excellent   5    None
n - Blink                 Tloc           N/A          Excellent   2    None
p - Projected Noise       Hex            N/A          Excellent   2    None
C - Control Teleport      Chrm/Tloc      #######...   Excellent   4    None
D - Deflect Missiles      Air/Chrm       #######...   Excellent   6    Strawberry
F - Flight                Air/Chrm       #######...   Excellent   4    None
H - Haste                 Chrm           ########.    Excellent   6    Strawberry
J - Abjuration            Summ           ########..   Perfect     3    None
P - Apportation           Tloc           #######...   Excellent   1    None
Q - Summon Butterflies    Summ           ########.    Perfect     1    None
R - Regeneration          Chrm/Necr      ########..   Perfect     3    None
S - Swiftness             Air/Chrm       #######...   Excellent   2    None
U - Dispel Undead         Necr           ########.    Excellent   4    None
W - Sublimation of Blood  Necr           ########..   Perfect     2    None
Y - Borgnjor's Revivific  Necr           ########..   Excellent   7    Honeycomb

Dungeon Overview and Level Annotations

Branches:
Dungeon (27/27)            Temple (1/1) D:6             Orc (4/4) D:6
    Elf (5/5) Orc:3          Lair (8/8) D:9          Shoals (5/5) Lair:6
  Slime (0/6) Lair:8        Snake (5/5) Lair:6         Hive (2/2) D:13
  Vault (7/8) D:17          Blade (0/1) Vault:4       Crypt (5/5) Vault:3
   Tomb (3/3) Crypt:2         Zot (5/5) D:27

Altars:
Ashenzari
Cheibriados
Elyvilon
Fedhas
Kikubaaqudgha
Makhleb
Nemelex Xobeh
Okawaru
Sif Muna
The Shining One
Trog
Vehumet
Xom
Yredelemnul
Zin

Shops:
D:10: ? D:15: ! Orc:2: + Orc:4: =[(+ Elf:5: = Snake:4: * Snake:5: [%% Vault:1: /%![( Vault:3: % Vault:5: * Vault:6: *!

Portals:
Hell: D:21 D:26
Pan: D:21

Annotations
D:3 crazy yiuf, exclusion: 3 fungi
D:11 67 exclusions
Vault:2 MENNAS!
Vault:3 shadow dragons!, exclusions: downstairs and 2 shadow dragons
Vault:8 V:8!


Innate Abilities, Weirdness & Mutations

Your mind is acute (Int +1).
You are clumsy (Dex -1).
Armour fits poorly on your unusually shaped body.
You digest meat inefficiently.
You are frail (-10% HP).
Your magical capacity is low (-10% MP).
Your system is resistant to poisons.


Message History

You feel in control.
You may choose your destination (press '.' or delete to select).
Expect minor deviation.
You are very lightly contaminated with residual magic.
There is a staircase leading out of the dungeon here.
Are you sure you want to leave the Dungeon?
You have escaped!

#.# #.#..# #.##...# #.#
#+##.######.##.... #.#
#.##.............. #.#
#.##.######.##...#
#.########.##..#####.##...#
##......##...##.....#.##...#
#..######..}..#####...##...#
#.######.......######.######
#.#.'....}.@.}....'.#.######
#.######.......######.......
#####..######..}..#####...######
..........####...##.....#.#
.............##.##..###.#.#
..........##.##.##.## #.#.#
..........##.##.##.# #.#.#
..........##.##'##.####.#.###
..............#^#..##.......#


There were no monsters in sight!

Vanquished Creatures
  An ancient lich (Crypt:5)
  29 greater mummies
  Saint Roka (Shoals:5)
  Boris (Vault:4)
  Margery (Vault:3)
  3 golden dragons
  Xtahua (Vault:3)
  3 liches
  Nikola (Vault:1)
  A curse skull (Crypt:1)
  2 deep elf blademasters (Elf:5)
  A shadow dragon (Zot:5)
  6 sphinxes
  3 storm dragons
  Agnes (D:17)
  Frances (D:17)
  The ghost of Tossi the Destroyer, a mighty DGCj (Snake:3)
  Aizul (Vault:3)
  A ghoul (Crypt:5)
  4 bone dragons
  Donald (Orc:3)
  3 frost giants
  2 quicksilver dragon zombies
  Wiglaf (Crypt:1)
  Louise (Vault:1)
  A tentacled monstrosity (Zot:3)
  7 stone giants
  A fire giant (Vault:7)
  the Enchantress (D:19)
  2 deep elf sorcerers (Elf:5)
  A grey draconian (Zot:5)
  2 deep elf annihilators (Elf:5)
  A deep elf death mage (Elf:5)
  7 greater nagas (Snake:5)
  A yellow draconian (Zot:3)
  2 pale draconians
  A titan zombie (Crypt:5)
  2 deep elf master archers (Elf:5)
  6 spriggan defenders (D:19)
  Snorg (Vault:1)
  2 sirens (Shoals:5)
  28 mummy priests
  6 spriggan air magi (D:19)
  3 ettins
  5 vampire knights
  2 great orbs of eyes
  5 dragons
  13 yaktaur captains
  A salamander (D:11)
  Josephine (Orc:4)
  A great orb of eyes (shapeshifter) (D:20)
  2 merfolk aquamancers
  3 storm dragon skeletons
  8 hydras
  Erica (Elf:1)
  Harold (Vault:1)
  5 dancing weapons (Crypt:5)
  3 ice dragons
  2 merfolk javelineers (Shoals:5)
  An alligator snapping turtle (Shoals:4)
  A golden dragon skeleton (Crypt:2)
  The ghost of phybot the Gouger, a powerful FeBe of Trog (Lair:8)
  Nessos (D:17)
  2 dwarf zombies
  2 anacondas
  2 deep trolls (D:27)
  9 spriggan berserkers (D:19)
  13 ogre magi
  2 deep elf high priests (Elf:5)
  5 deep elf demonologists (Elf:5)
  3 stone giant zombies
  12 death yaks
  A frost giant zombie (Vault:3)
  2 shadow dragon skeletons
  A merfolk impaler (Shoals:5)
  10 spriggan druids (D:19)
  An iron dragon skeleton (Crypt:3)
  14 centaur warriors
  3 very ugly things
  4 iron golems
  13 stone giant skeletons
  2 frost giant skeletons
  A fire giant skeleton (D:17)
  Erolcha (Elf:1)
  78 skeletal warriors
  3 griffons
  An iron troll (D:22)
  An elf (shapeshifter) (Crypt:1)
  5 orc high priests
  A dire elephant skeleton (Crypt:4)
  An elephant slug zombie (Crypt:1)
  13 hell knights
  3 flayed ghosts
  8 deep elf knights
  A giant orange brain (D:21)
  12 orc sorcerers
  6 sea snakes
  15 naga warriors
  3 unseen horrors (D:16)
  A death yak zombie (Crypt:4)
  A lindwurm (Lair:7)
  9 necromancers
  2 alligator snapping turtle skeletons
  An iron troll zombie (Vault:4)
  3 black draconian zombies
  A pale draconian zombie (Crypt:3)
  9 harpies
  22 orc knights
  2 grey draconian skeletons
  13 hill giants
  4 giant amoebae
  A pale draconian skeleton (Crypt:4)
  24 crystal golems
  A green draconian skeleton (Tomb:1)
  Joseph (D:8)
  A death yak skeleton (Crypt:5)
  A hydra zombie (Crypt:3)
  3 moths of wrath
  A minotaur zombie (Tomb:1)
  An iron troll skeleton (D:20)
  6 spiny worms
  A hellion (Orc:4)
  14 cyclopes
  A flaming corpse (Crypt:1)
  An oklob plant (Snake:2)
  A minotaur skeleton (Crypt:3)
  A door mimic (Vault:4)
  2 red wasp zombies (Vault:3)
  A red wasp (shapeshifter) (D:18)
  2 stair mimics
  22 black mambas
  A dragon zombie (Crypt:5)
  Maurice (Orc:2)
  A griffon zombie (D:15)
  2 shop mimics
  A cyclops (shapeshifter) (Vault:5)
  A guardian serpent zombie (Crypt:1)
  4 ettin zombies
  2 hydra skeletons
  65 slime creatures
  A spectral guardian serpent (Crypt:1)
  5 wolf spiders
  An ice dragon zombie (Crypt:5)
  A portal mimic (Shoals:5)
  A beast (D:6)
  An eye of devastation (shapeshifter) (Vault:7)
  6 trapdoor spiders
  25 yaktaurs
  An ice dragon skeleton (Vault:3)
  24 elephants
  4 orange demons
  An ettin skeleton (D:23)
  A hellwing (Elf:1)
  2 yaktaurs (shapeshifter)
  A hill giant zombie (Tomb:2)
  106 guardian mummies
  Psyche (D:9)
  2 elf skeletons
  A pale draconian simulacrum (Vault:5)
  12 naga magi
  8 spiny frogs
  A komodo dragon (shapeshifter) (Vault:4)
  56 spriggans (D:19)
  The ghost of buggery the Ducker, an experienced SpBe of Trog (Lair:5)
  4 rock trolls
  2 redbacks
  65 ugly things
  3 komodo dragons
  A raven zombie (Crypt:1)
  Sonja (Orc:4)
  A spriggan (shapeshifter) (Elf:4)
  5 blink frogs (Lair:5)
  A queen bee (Hive:2)
  2 mermaids
  A silent spectre (Crypt:2)
  12 snapping turtles
  A rock troll zombie (D:20)
  8 trolls
  20 two-headed ogres
  17 giant toads
  2 deep troll skeletons (D:20)
  12 grizzly bears (D:19)
  A rock troll skeleton (Vault:3)
  2 rotting hulks (Crypt:5)
  2 elephant zombies
  A red wasp simulacrum (D:14)
  17 giant fireflies (D:19)
  A shark (Shoals:3)
  3 wyverns
  2 vampires
  Edmund (D:9)
  2 elephant skeletons
  A hog zombie (Crypt:1)
  2 vipers
  A blink frog zombie (Crypt:2)
  A yak (shapeshifter) (Vault:7)
  4 hungry ghosts
  Eustachio (Elf:1)
  9 deep elf conjurers
  A fire crab zombie (Vault:4)
  34 yaks
  A spiny worm simulacrum (D:20)
  Grum (Elf:4)
  A steam dragon (D:9)
  8 deep elf summoners
  8 manticores
  A blink frog skeleton (D:14)
  9 wraiths
  16 merfolk
  18 necrophages
  A fire drake (Lair:8)
  4 hippogriffs
  A giant slug zombie (Vault:1)
  4 molten gargoyles (D:13)
  21 deep elf fighters
  A komodo dragon zombie (D:12)
  A soldier ant (D:14)
  4 mottled dragons
  A rock worm (Vault:2)
  3 yaktaur skeletons
  16 vampire mosquitoes
  5 orange crystal statues (D:10)
  A fire drake skeleton (Crypt:3)
  2 war dogs (Elf:4)
  A deep troll simulacrum (Vault:7)
  5 sky beasts
  2 wyvern zombies
  11 deep elf priests
  6 freezing wraiths
  6 insubstantial wisps (D:26)
  57 orc warriors
  A rock troll simulacrum (Vault:1)
  2 red devils (D:9)
  A giant goldfish (D:19)
  18 ice beasts
  5 phantoms
  5 black bears
  A gargoyle (Vault:2)
  19 centaurs
  2 grizzly bear zombies
  A kobold demonologist (D:17)
  A troll zombie (D:13)
  A yak skeleton (Crypt:4)
  65 ogres
  A polar bear skeleton (Crypt:5)
  A rock worm zombie (Vault:1)
  A war dog zombie (Elf:4)
  A hippogriff skeleton (Crypt:5)
  2 lava worms (Lair:7)
  9 crocodiles
  22 water moccasins
  Duvessa (Orc:1)
  3 boulder beetle zombies
  6 gila monsters
  85 nagas
  5 wargs
  A boring beetle zombie (D:18)
  A tarantella zombie (Crypt:2)
  The ghost of fazisi the Vandal, an average HaHu (D:3)
  10 wolves (D:19)
  7 giant slugs
  16 deep elf magi
  A yellow wasp zombie (D:10)
  6 big kobolds
  A brain worm (D:13)
  A war dog skeleton (Crypt:5)
  A centaur zombie (Port)
  24 giant frogs
  A silver statue (Tomb:1)
  3 yaktaur simulacra
  6 elf zombies
  Blork the orc (D:4)
  5 agate snails
  A warg zombie (Crypt:5)
  A two-headed ogre zombie (Orc:4)
  A wyvern simulacrum (Tomb:2)
  2 black bear skeletons (Crypt:2)
  A water moccasin skeleton (Crypt:2)
  2 eyes of draining
  2 lava fish
  A giant leech zombie (Crypt:5)
  4 boulder beetles
  2 felid zombies
  An ogre zombie (Orc:4)
  5 jellyfish
  2 killer bee zombies
  142 killer bees
  A quasit (D:13)
  A brain worm zombie (D:9)
  6 electric eels
  3 goliath beetles
  2 lava snakes (D:11)
  3 felid skeletons
  A gila monster zombie (Crypt:1)
  14 imps
  21 wights
  A gnome zombie (Crypt:2)
  A mottled dragon zombie (Vault:3)
  Dowan (Orc:1)
  6 big kobold skeletons
  2 deep dwarf skeletons
  A demigod skeleton (Crypt:2)
  2 gila monster skeletons
  A gnome skeleton (Crypt:4)
  8 hounds
  7 big fish
  A hound zombie (D:10)
  33 orc priests
  8 shadows
  2 hound skeletons
  45 orc wizards
  7 iguanas
  4 scorpions
  10 orange rats
  36 deep elf soldiers
  7 porcupines
  7 worker ants
  2 worker ant zombies (D:9)
  47 sheep
  Ijyb (D:3)
  Jessica (D:2)
  5 boggarts
  7 jellies
  A jelly (shapeshifter) (D:17)
  2 goliath beetle zombies (D:6)
  60 mummies
  74 flying skulls
  3 midges
  3 lemures
  A scorpion zombie (D:7)
  41 snakes
  A giant centipede zombie (D:12)
  An iguana zombie (D:12)
  2 shadow imps
  8 giant centipedes
  53 green rats
  2 snake skeletons
  A snake zombie (Crypt:1)
  5 giant mites
  2 halfling skeletons
  2 iguana skeletons (D:9)
  A sheep zombie (Crypt:4)
  2 white imps (Elf:1)
  A porcupine zombie (Crypt:4)
  4 worms
  25 ufetubi
  12 grey rats
  7 bat skeletons
  2 bat zombies
  A gnoll zombie (Crypt:1)
  3 human zombies
  2 megabat skeletons
  A megabat zombie (Crypt:4)
  A giant eyeball (D:10)
  13 giant geckos
  A gnoll skeleton (Crypt:5)
  246 orcs
  8 giant cockroaches
  27 goblins
  30 hobgoblins
  28 jackals
  45 kobolds
  13 quokkas
  3 small snakes
  A giant gecko skeleton (Crypt:3)
  A giant gecko zombie (Crypt:4)
  9 giant newts
  A giant newt skeleton (Crypt:1)
  3 giant spores
  2 goblin skeletons (Crypt:5)
  A hobgoblin zombie (D:5)
  38 killer bee larvae
  46 megabats
  5 orc skeletons
  2 orc zombies
  37 rats
  A rat skeleton (Orc:4)
  7 ballistomycetes
  A butterfly (Vault:2)
  6 fungi
  3 plants
  83 toadstools
3214 creatures vanquished.

Vanquished Creatures (collateral kills)
  A queen bee (Lair:6)
  4 yaks
  A red devil (D:9)
  28 killer bees
  A sheep (Lair:8)
  A snake (Snake:3)
  A green rat (Lair:4)
  8 orcs
  A hobgoblin (D:9)
  A quokka (Lair:3)
  2 killer bee larvae
  A kobold (D:3)
  2 fungi (Lair:6)
52 creatures vanquished.

Vanquished Creatures (others)
  36 slime creatures
  2 spriggans (D:19)
  A two-headed ogre (Vault:1)
  A giant firefly (D:19)
  A vampire (Vault:1)
  2 small abominations
  An elephant skeleton (Tomb:2)
  A black bear (D:19)
  An ice beast (Shoals:3)
  A giant goldfish (D:19)
  2 centaurs
  An ogre (Vault:2)
  2 killer bees
  An imp (D:8)
  A deep elf soldier (Elf:2)
  A sheep (Vault:2)
  An orc skeleton (Orc:4)
  6 mummies
  A snake (Snake:1)
  A sheep zombie (Tomb:1)
  A green rat (Lair:6)
  A sheep skeleton (Tomb:1)
  An ufetubus (Orc:4)
  2 grey rats (Vault:1)
  An orc (Orc:2)
  A jackal (Lair:6)
  A hobgoblin zombie (Crypt:5)
  8 killer bee larvae
  A kobold (D:6)
  A megabat (Vault:1)
  A rat (Lair:5)
  6 butterflies (Vault:2)
  7 fungi
  5 plants
  376 toadstools
477 creatures vanquished.

Grand Total: 3743 creatures vanquished

Notes
Turn   | Place    | Note
--------------------------------------------------------------
     0 | D:1      | megabat, the Human Venom Mage, began the quest for the Orb.
     0 | D:1      | Reached XP level 1. HP: 10/10 MP: 3/3
   435 | D:1      | Reached XP level 2. HP: 13/15 MP: 1/4
   485 | D:1      | Identified a +1 elven cloak of preservation (You found it on level 1 of the Dungeon)
   735 | D:1      | Reached skill level 1 in Conjurations
  1113 | D:1      | Reached XP level 3. HP: 18/21 MP: 2/5
  1744 | D:2      | Noticed Jessica
  1753 | D:2      | Defeated Jessica
  1753 | D:2      | Reached XP level 4. HP: 24/26 MP: 1/7
  1758 | D:2      | Learned a level 3 spell: Mephitic Cloud
  2049 | D:2      | Reached skill level 5 in Poison Magic
  2567 | D:3      | Noticed fazisi's ghost (average HaHu)
  2802 | D:3      | Reached XP level 5. HP: 27/32 MP: 2/9
  2840 | D:3      | Learned a level 2 spell: Cure Poison
  3582 | D:3      | Noticed Ijyb
  3615 | D:3      | Defeated Ijyb
  3635 | D:3      | Reached skill level 1 in Slings
  3648 | D:3      | Defeated fazisi's ghost
  3648 | D:3      | Reached XP level 6. HP: 15/37 MP: 5/11
  4075 | D:3      | Reached skill level 6 in Poison Magic
  4491 | D:4      | Found a sand-covered staircase. 4503
                  | ossuary
                  | Entered a tomb 4547
                  | ossuary
                  | Reached XP level 7. HP: 25/43 MP: 12/12
  5011 | D:4      | Noticed Blork the orc
  5021 | D:4      | Defeated Blork the orc
  5308 | D:5      | Entered Level 5 of the Dungeon
  5422 | D:5      | Found a glowing golden altar of the Shining One.
  5535 | D:5      | Reached skill level 5 in Slings
  5598 | D:5      | Found a bloodstained altar of Trog.
  6274 | D:5      | Reached XP level 8. HP: 37/48 MP: 13/14
  6852 | D:6      | Reached skill level 5 in Conjurations
  6853 | D:6      | Reached skill level 7 in Poison Magic
  7020 | D:6      | Found a staircase to the Ecumenical Temple.
  7036 | Temple   | Entered the Ecumenical Temple
  7090 | Temple   | Became a worshipper of Kikubaaqudgha
  7160 | D:6      | Found a staircase to the Orcish Mines.
  7324 | D:6      | THANKS
  7374 | D:6      | Reached XP level 9. HP: 54/54 MP: 11/17
  7875 | D:6      | Reached skill level 8 in Poison Magic
  8412 | D:7      | Reached skill level 1 in Armour
  8784 | D:7      | Acquired Kikubaaqudgha's first power
  8784 | D:7      | Received a gift from Kikubaaqudgha
  8788 | D:7      | Learned a level 1 spell: Pain
  8869 | D:7      | Identified a +1 rod of smiting (14/14) (You found it on level 7 of the Dungeon)
 10251 | D:8      | Reached XP level 10. HP: 59/59 MP: 20/20
 10358 | D:8      | Reached skill level 9 in Poison Magic
 10358 | D:8      | Reached skill level 1 in Air Magic
 10383 | D:8      | Noticed Joseph
 10398 | D:8      | Defeated Joseph
 10724 | D:8      | Learned a level 3 spell: Regeneration
 10725 | D:8      | Reached skill level 1 in Necromancy
 10812 | D:8      | Learned a level 3 spell: Poison Weapon
 11535 | D:9      | Found a staircase to the Lair.
 11569 | D:9      | Found a glowing silver altar of Zin.
 11569 | D:9      | Noticed Edmund
 11579 | D:9      | Reached skill level 5 in Spellcasting
 11662 | D:9      | Defeated Edmund
 11756 | D:9      | Noticed Psyche
 11767 | D:9      | Defeated Psyche
 11767 | D:9      | Acquired Kikubaaqudgha's second power
 12249 | D:9      | Learned a level 4 spell: Dispel Undead
 12793 | D:9      | Reached skill level 10 in Poison Magic
 12969 | D:9      | Reached XP level 11. HP: 60/65 MP: 17/22
 13012 | D:9      | Reached skill level 1 in Evocations
 13063 | D:9      | Reached skill level 1 in Traps & Doors
 13074 | Lair:1   | Entered Level 1 of the Lair of Beasts
 15274 | Lair:2   | Reached skill level 10 in Conjurations
 15472 | Lair:2   | Reached skill level 1 in Short Blades
 15627 | Lair:2   | Reached skill level 5 in Necromancy
 15972 | Lair:1   | Learned a level 3 spell: Vampiric Draining
 16433 | Lair:3   | Found a crumbling entrance.
 16447 | Lair:3   | Received a gift from Kikubaaqudgha
 16537 | Spider   | Entered a spider's nest
 16669 | Lair:3   | Reached skill level 1 in Fighting
 17065 | Lair:3   | Reached skill level 5 in Dodging
 17596 | Lair:4   | Reached XP level 12. HP: 72/72 MP: 10/26
 18465 | Lair:4   | Acquired Kikubaaqudgha's third power
 18465 | Lair:4   | Received a gift from Kikubaaqudgha
 18629 | Lair:4   | Got a pair of crude gloves
 18633 | Lair:4   | Identified the cursed -2 pair of gloves of the Sky (You found it on level 4 of the Lair of Beasts)
 19164 | Lair:5   | Noticed buggery's ghost (experienced SpBe)
 19167 | Lair:5   | Defeated buggery's ghost
 19869 | Lair:5   | Got a glistering book
 19885 | Lair:5   | Identified the Tome of Self-Knowledge (You found it on level 5 of the Lair of Beasts)
 19889 | Lair:5   | Learned a level 3 spell: Berserker Rage
 19982 | Lair:5   | Reached skill level 1 in Charms
 21480 | D:10     | Entered Level 10 of the Dungeon
 21951 | D:10     | Noticed a crystal golem
 22133 | D:10     | squarelos: is that the minmay dyrovepreva castle
 22133 | D:10     | maybe
 22147 | D:10     | this thing is impossible to kill
 22166 | D:10     | I thought it might be but I'm not 100% sure. what's inside?
 22259 | D:9      | Defeated a crystal golem
 22581 | D:10     | Found Lovihiek's Magic Scroll Boutique.
 22595 | D:10     | Bought a scroll of identify for 32 gold pieces
 22595 | D:10     | Bought a scroll of identify for 32 gold pieces
 22595 | D:10     | Bought a scroll of blinking for 48 gold pieces
 22595 | D:10     | Bought a scroll of identify for 32 gold pieces
 22596 | D:10     | Bought a scroll of recharging for 80 gold pieces
 23191 | D:10     | Noticed a crystal golem
 23504 | D:10     | Noticed a crystal golem
 23760 | D:10     | Noticed a crystal golem
 23764 | D:10     | Noticed a crystal golem
 23782 | D:10     | Noticed a crystal golem
 23901 | Lair:1   | Learned a level 5 spell: Venom Bolt
 24089 | D:10     | completely!?
 25806 | D:13     | Found a staircase to the Hive.
 25838 | D:13     | :)
 25895 | Hive:1   | Entered Level 1 of the Hive
 26371 | Hive:2   | Entered Level 2 of the Hive
 26386 | Hive:2   | Reached XP level 13. HP: 79/79 MP: 18/29
 26426 | Hive:2   | Ocedius: you got this champ!
 26526 | Hive:1   | Ocedius: if i ever dont respond, hit me on irc, ill hear the beap
 26526 | Hive:1   | :D
 26526 | Hive:1   | ll
 26526 | Hive:1   | kk
 26713 | Hive:2   | Acquired Kikubaaqudgha's fourth power
 26920 | Hive:2   | Ocedius: Purgy in sewer!!! gd
 26925 | Hive:2   | oh purgy sewer
 26925 | Hive:2   | just kill him
 26959 | Hive:2   | Ocedius: that was a no go at lvl 5 haha, he got me
 26959 | Hive:2   | :(
 27590 | Hive:2   | Reached skill level 10 in Spellcasting
 27660 | Hive:2   | Ocedius: how about NaFE if you win this one?
 27660 | Hive:2   | oh god that sounds horrible d:1 :( slow movement
 27716 | Hive:2   | Ocedius: spit? that's always nice... but rng
 27765 | Hive:2   | rng hates nagas
 27897 | Hive:2   | Reached skill level 11 in Poison Magic
 28511 | Hive:2   | Got a polished sling
 28512 | Hive:2   | Identified the sling "Osakofri" {flame, MR SInv} (You found it on level 2 of the Hive)
 28750 | Hive:1   | Found a deep blue altar of Sif Muna.
 29191 | D:13     | Ocedius: can my Mu get one damn early temple plzthnx
 29193 | D:13     | no :P
 29212 | D:13     | are you going sif?
 29285 | D:13     | Ocedius: i want refridge too badly, but ash is an interesting choice
 29285 | D:13     | autorobin: you just chopped up a fellow megabat :/
 29285 | D:13     | kiku's cool with cannibalism
 30282 | D:11     | Ocedius: 2 amulets of gourmand... thank you crawl you're reading my mind
 30285 | D:11     | lol
 31689 | Lair:6   | Found a staircase to the Shoals.
 32672 | Lair:6   | Found a staircase to the Snake Pit.
 33398 | Lair:6   | Reached XP level 14. HP: 83/83 MP: 11/31
 33922 | Lair:6   | Reached skill level 10 in Necromancy
 33951 | Lair:6   | Reached skill level 5 in Short Blades
 34007 | Lair:6   | Reached skill level 1 in Stabbing
 34096 | Lair:6   | Reached skill level 5 in Air Magic
 34564 | Temple   | Identified a +3,+4 sabre of pain (a +2,+2 sabre bloodied by Kikubaaqudgha)
 37118 | Lair:8   | Entered Level 8 of the Lair of Beasts
 37246 | Lair:8   | Reached skill level 12 in Spellcasting
 37529 | Lair:8   | Found a bloodstained altar of Trog.
 38171 | Lair:8   | Noticed phybot's ghost (powerful FeBe)
 38176 | Lair:8   | Defeated phybot's ghost
 38220 | Lair:8   | Found a staircase to the Slime Pits.
 38321 | Lair:8   | Got a brightly glowing copper ring
 38322 | Lair:8   | Identified the ring "Wiastraxo" (You found it on level 8 of the Lair of Beasts)
 38480 | Lair:8   | Reached XP level 15. HP: 91/91 MP: 3/33
 38681 | Lair:8   | Reached skill level 10 in Dodging
 39478 | Orc:1    | Entered Level 1 of the Orcish Mines
 39478 | Orc:1    | Noticed Duvessa
 39478 | Orc:1    | Noticed Dowan
 39484 | Orc:1    | Defeated Dowan
 39517 | Orc:1    | Defeated Duvessa
 39687 | Orc:2    | Found Qupsim's Book Shoppe.
 39709 | Orc:2    | Bought a book of Power for 630 gold pieces
 39715 | Orc:2    | Learned a level 4 spell: Iskenderun's Mystic Blast
 39721 | Orc:2    | Learned a level 5 spell: Poisonous Cloud
 40170 | D:10     | Defeated a crystal golem
 40690 | Lair:3   | Learned a level 2 spell: Sublimation of Blood
 40915 | D:10     | Noticed a crystal golem
 41005 | D:10     | Defeated a crystal golem
 41176 | D:10     | Noticed a crystal golem
 41265 | D:10     | Defeated a crystal golem
 41429 | D:10     | Noticed a crystal golem
 41502 | D:10     | Defeated a crystal golem
 41555 | D:10     | Noticed a crystal golem
 41555 | D:10     | Noticed a crystal golem
 41631 | D:10     | Defeated a crystal golem
 41858 | D:10     | Defeated a crystal golem
 42010 | D:10     | Noticed a crystal golem
 42010 | D:10     | Noticed a crystal golem
 42012 | D:10     | Noticed a crystal golem
 42049 | D:10     | Defeated a crystal golem
 42073 | D:10     | Noticed a crystal golem
 42081 | D:10     | Noticed a crystal golem
 42198 | D:10     | Defeated a crystal golem
 42267 | D:10     | Defeated a crystal golem
 42409 | D:10     | Noticed a crystal golem
 42437 | D:10     | Defeated a crystal golem
 42579 | D:10     | Noticed a crystal golem
 42648 | D:10     | Defeated a crystal golem
 42738 | D:10     | Noticed a crystal golem
 42825 | D:10     | Noticed a crystal golem
 42910 | D:10     | Defeated a crystal golem
 42914 | D:10     | Defeated a crystal golem
 43004 | D:10     | Noticed a freezing wraith
 43008 | D:10     | Defeated a freezing wraith
 43148 | D:10     | Defeated a crystal golem
 43212 | D:10     | Noticed a crystal golem
 43291 | D:10     | Defeated a crystal golem
 43444 | D:10     | Defeated a crystal golem
 43511 | D:10     | Noticed a crystal golem
 43516 | D:10     | Got a jewelled bronze crown
 43608 | D:10     | Defeated a crystal golem
 43739 | D:10     | Identified the +3 crown of Dyrovepreva (You found it on level 10 of the Dungeon)
 43792 | D:10     | Defeated a crystal golem
 43914 | D:10     | Defeated a crystal golem
 44102 | D:12     | nyaakitty: Looking easymode for you! :D
 44102 | D:12     | slowmode D:
 44721 | Orc:3    | nyaakitty: HuVM?
 44721 | Orc:3    | :)
 44721 | Orc:3    | yes
 44947 | Orc:3    | Found a staircase to the Elven Halls.
 45055 | Orc:2    | Noticed Maurice
 45326 | Orc:2    | Defeated Maurice
 46644 | Orc:4    | Entered Level 4 of the Orcish Mines
 46798 | Orc:4    | Noticed Donald
 47008 | Orc:3    | Defeated Donald
 47326 | Orc:4    | Reached skill level 13 in Spellcasting
 47329 | Orc:4    | Paralysed by an orc sorcerer for 7 turns
 47336 | Orc:4    | Noticed Josephine
 48596 | Orc:1    | Found a bloodstained altar of Trog.
 49203 | D:10     | Noticed a crystal golem
 49319 | D:10     | Defeated a crystal golem
 52729 | D:14     | Reached XP level 16. HP: 98/98 MP: 26/35
 53263 | D:15     | Entered Level 15 of the Dungeon
 53263 | D:15     | Found a bloodstained altar of Trog.
 53667 | D:15     | Got a slimy pewter ring
 53668 | D:15     | Identified the ring "Neull" (You found it on level 15 of the Dungeon)
 53895 | D:15     | Found Stryi's Distillery.
 53959 | D:15     | You fall through a shaft!
 54277 | D:17     | Noticed Frances
 54296 | D:17     | Defeated Frances
 55367 | Snake:1  | Entered Level 1 of the Snake Pit
 56311 | Snake:1  | You fall through a shaft!
 57036 | Snake:2  | Found a bloodstained altar of Trog.
 57653 | Snake:3  | Noticed Tossi's ghost (mighty DGCj)
 57657 | Snake:3  | Defeated Tossi's ghost
 58000 | Snake:3  | Ocedius: I thought you said you were gonna die
 58000 | Snake:3  | there was a ghost with iron shot D:
 58010 | Snake:3  | it could've killed me at least
 58018 | Snake:3  | Ocedius: oof
 58031 | Snake:3  | I need swift fly and rmsl and haste
 58031 | Snake:3  | :(
 58702 | Snake:4  | wtf
 59501 | D:16     | Reached XP level 17. HP: 103/103 MP: 24/36
 59568 | D:16     | Reached skill level 10 in Short Blades
 60317 | D:17     | Noticed Agnes
 60343 | D:17     | Defeated Agnes
 60690 | D:17     | Noticed Nessos
 60696 | D:17     | Reached skill level 1 in Shields
 60714 | D:17     | Defeated Nessos
 61514 | D:17     | Noticed a yaktaur captain
 61596 | D:17     | Defeated a yaktaur captain
 62574 | D:17     | Found a staircase to the Vaults.
 63219 | Orc:4    | Defeated Josephine
 63278 | Orc:4    | Noticed Sonja
 63286 | Orc:4    | Defeated Sonja
 63428 | Orc:4    | Found Aloamack's Book Boutique.
 63476 | Orc:4    | Noticed an orc high priest
 63485 | Orc:4    | Defeated an orc high priest
 63489 | Orc:4    | Noticed an orc high priest
 63680 | Orc:4    | Noticed an orc high priest
 63689 | Orc:4    | Reached skill level 14 in Conjurations
 63695 | Orc:4    | Defeated an orc high priest
 63711 | Orc:4    | Found Theibiba's Weapon Boutique.
 63892 | Orc:4    | Defeated an orc high priest
 64230 | Orc:4    | Found Wesemuet's Jewellery Emporium.
 64230 | Orc:4    | Found Cleek's Armour Emporium.
 64250 | Orc:4    | Paralysed by an orc sorcerer for 3 turns
 64397 | Orc:4    | Bought a book of Party Tricks for 600 gold pieces
 64401 | Orc:4    | Learned a level 2 spell: Blink
 64403 | Orc:4    | Bought a +2 pair of elven boots for 169 gold pieces
 64810 | Elf:1    | Entered Level 1 of the Elven Halls
 65009 | Elf:1    | Noticed Eustachio
 65020 | Elf:1    | Defeated Eustachio
 65061 | Elf:1    | Noticed Erolcha
 65068 | Elf:1    | Defeated Erolcha
 65255 | Elf:1    | Noticed Erica
 65266 | Elf:1    | Defeated Erica
 65332 | Elf:1    | Reached skill level 5 in Armour
 67999 | Elf:2    | Reached XP level 18. HP: 88/108 MP: 34/36
 68059 | Elf:4    | Noticed Grum
 68066 | Elf:4    | Defeated Grum
 68132 | Elf:4    | Paralysed by a deep elf mage for 4 turns
 68357 | Elf:4    | Found a gateway to a bazaar. 68388
                  | bazaar
                  | Entered a bazaar 68388
                  | bazaar
                  | Found Zaddae's Antique Weapon Shop. 68404
                  | bazaar
                  | Found Diarcho's General Store. 68415
                  | bazaar
                  | Found Komn's Magical Wand Boutique. 68422
                  | bazaar
                  | Found Wuulueg's Magic Scroll Boutique. 68431
                  | bazaar
                  | Bought a scroll of blinking for 36 gold pieces 68431
                  | bazaar
                  | Bought a scroll of enchant weapon I for 57 gold pieces 68435
                  | bazaar
                  | Found Qikhir's Antique Armour Emporium. 68444
                  | bazaar
                  | Bought a faintly glowing helmet for 187 gold pieces 68448
                  | bazaar
                  | Identified the cursed -5 helmet of the Exiled Mice (You bought it in a shop in a bazaar) 68484
                  | bazaar
                  | Bought a meat ration for 64 gold pieces 68500
                  | bazaar
                  | Bought a wand of digging (9) for 108 gold pieces 68510
                  | bazaar
                  | Bought a wand of magic darts (15) for 54 gold pieces 68512
                  | bazaar
                  | Bought a wand of teleportation (6) for 255 gold pieces 68524
                  | bazaar
                  | Bought a scroll of remove curse for 36 gold pieces
 68663 | Elf:5    | Entered Level 5 of the Elven Halls
 69539 | Elf:5    | Reached XP level 17. HP: 103/103 MP: 27/36
 69590 | Elf:5    | Found Zaikhenn's Jewellery Shoppe.
 69671 | Elf:5    | Reached XP level 18. HP: 108/108 MP: 29/36
 70311 | Elf:5    | Got a slimy buckler
 70319 | Elf:5    | Identified the +5 buckler of Filth (You took it off a deep elf soldier on level 5 of the Elven Halls)
 72266 | Vault:1  | Entered Level 1 of the Vaults
 72266 | Vault:1  | Found Onom's Food Emporium.
 72561 | Vault:1  | Found Xaythrarche's Distillery.
 72769 | Vault:1  | Bought a potion of heal wounds for 33 gold pieces
 72769 | Vault:1  | Bought a potion of heal wounds for 33 gold pieces
 72769 | Vault:1  | Bought a potion of heal wounds for 33 gold pieces
 72769 | Vault:1  | Bought a potion of speed for 27 gold pieces
 72769 | Vault:1  | Bought a potion of mutation for 55 gold pieces
 73289 | Vault:1  | Noticed Louise
 73303 | Vault:1  | Noticed Harold
 73331 | Vault:1  | Defeated Harold
 73345 | Vault:1  | Defeated Louise
 74255 | Vault:1  | Noticed Snorg
 74296 | Vault:1  | Defeated Snorg
 74772 | Vault:1  | Found Cowosekoupt's Armour Shoppe.
 74773 | Vault:1  | Noticed Nikola
 74809 | Vault:1  | Defeated Nikola
 75370 | Vault:1  | Found Juirocw's Magical Wand Emporium.
 75891 | Vault:1  | Bought a wand of hasting (3) for 432 gold pieces
 76557 | Snake:4  | Found Twyriw's Assorted Antiques.
 76562 | Snake:4  | Bought an ancient robe for 199 gold pieces
 76579 | Snake:4  | Identified the -7 robe of Watchfulness (You bought it in a shop on level 4 of the Snake Pit)
 76885 | Snake:5  | Entered Level 5 of the Snake Pit
 76888 | Snake:5  | Found Kocuih's Armour Shoppe.
 76954 | Snake:5  | Reached XP level 19. HP: 71/113 MP: 23/37
 77617 | Vault:1  | Found Umadoet's Antique Weapon Boutique.
 78019 | Vault:2  | Noticed a gargoyle
 78039 | Vault:2  | Defeated a gargoyle
 78061 | Vault:2  | Reached skill level 5 in Fighting
 78121 | Vault:2  | Noticed a deep elf mage
 78129 | Vault:2  | Defeated a deep elf mage
 78336 | Vault:2  | Learned a level 3 spell: Spider Form
 78621 | Vault:2  | Reached skill level 1 in Transmutations
 78884 | Vault:3  | Noticed Margery
 78884 | Vault:3  | Noticed Aizul
 79928 | Vault:3  | Noticed Mennas
 81028 | Vault:3  | Found Neubaosch's Food Shop.
 81130 | Vault:3  | Defeated Aizul
 81705 | Vault:3  | Got a twitching iron ring
 81707 | Vault:3  | Identified the ring "Vuufog" (You found it on level 3 of the Vaults)
 82263 | Vault:3  | Defeated Margery
 82893 | Vault:3  | Found a staircase to the Crypt.
 82981 | Crypt:1  | Entered Level 1 of the Crypt
 84244 | Vault:2  | You fall through a shaft!
 84458 | Crypt:1  | Noticed Wiglaf
 85041 | Crypt:1  | Defeated Wiglaf
 85041 | Crypt:1  | Reached XP level 20. HP: 91/122 MP: 21/38
 85958 | Crypt:1  | Reached skill level 5 in Charms
 87085 | Crypt:2  | Identified a scroll of acquirement
 88569 | D:8      | Learned a level 6 spell: Haste
 89236 | Vault:3  | Noticed Xtahua
 89353 | Vault:3  | Defeated Xtahua
 89580 | Vault:3  | Reached skill level 5 in Shields
 90320 | Crypt:2  | Found a staircase to the Tomb.
 90810 | Crypt:3  | Noticed Mara
 91289 | Crypt:3  | Reached XP level 21. HP: 127/127 MP: 30/39
 94593 | Crypt:4  | Reached skill level 10 in Charms
 95617 | Crypt:4  | Defeated a stair mimic
 96055 | Crypt:5  | Entered Level 5 of the Crypt
 99257 | D:13     | Reached skill level 15 in Conjurations
100785 | Crypt:5  | Reached XP level 22. HP: 126/134 MP: 8/39
101109 | Crypt:5  | Noticed a lich
101110 | Crypt:5  | Reached XP level 21. HP: 129/129 MP: 9/39
101111 | Crypt:5  | Defeated a lich
101111 | Crypt:5  | Reached XP level 22. HP: 122/134 MP: 10/39
101981 | Crypt:5  | Found a glowing silver altar of Zin.
101981 | Crypt:5  | Noticed an ancient lich
101992 | Crypt:5  | Defeated an ancient lich
101993 | Crypt:5  | Noticed a lich
102001 | Crypt:5  | Defeated a lich
102020 | Crypt:5  | Got a fine steel ring
102024 | Crypt:5  | Got a levitating book
102027 | Crypt:5  | Identified the Collected Works on Feathers and Conjuration (You found it on level 5 of the Crypt)
102171 | Crypt:5  | Identified the ring "Jodiac" (You found it on level 5 of the Crypt)
102838 | Snake:5  | Bought the +2 hat of the Alchemist {rElec rF+ rC+ MR} for 1387 gold pieces
103323 | Vault:1  | Bought a +1 pair of elven gauntlets of strength for 219 gold pieces
105211 | Snake:5  | Found Carunuc's Food Shoppe.
105507 | Snake:5  | Found Ghuxej's Food Shoppe.
105818 | Snake:5  | Gained mutation: Armour fits poorly on your unusually shaped body.
107077 | Snake:5  | Got a serpentine rune of Zot
107409 | Lair:1   | nyaakitty: Splatted on streak. :(
107409 | Lair:1   | :(
107857 | Tomb:1   | Entered Level 1 of the Tomb of the Ancients
109630 | Lair:3   | Learned a level 3 spell: Abjuration
109632 | Lair:3   | Reached skill level 1 in Summonings
110677 | Tomb:1   | Reached XP level 23. HP: 107/143 MP: 5/40
110969 | Tomb:1   | Got a faintly humming animal skin
110980 | Tomb:1   | Identified the +3 animal skin "Zuamuguz" (You found it on level 1 of the Tomb of the Ancients)
113616 | D:19     | Found a bloodstained altar of Trog.
116169 | D:19     | Noticed the Enchantress
116182 | D:19     | Defeated the Enchantress
116184 | D:19     | Got a faerie dragon armour
116516 | D:19     | Reached XP level 24. HP: 113/146 MP: 22/40
116561 | D:19     | Got a shimmering copper ring
116566 | D:19     | Identified the ring "Xoiso" (You found it on level 19 of the Dungeon)
116702 | D:19     | Identified the +4 faerie dragon armour (You took it off the Enchantress on level 19 of the Dungeon)
117995 | Tomb:1   | Reached skill level 1 in Translocations
119059 | Tomb:1   | Reached skill level 5 in Traps & Doors
119287 | Tomb:1   | Reached skill level 5 in Summonings
122263 | Tomb:1   | Reached XP level 25. HP: 91/151 MP: 15/41
123554 | Tomb:1   | Reached skill level 10 in Summonings
126319 | Tomb:1   | Reached XP level 26. HP: 142/154 MP: 17/41
127626 | Lair:1   | Learned a level 7 spell: Borgnjor's Revivification
129013 | Tomb:3   | Entered Level 3 of the Tomb of the Ancients
129903 | Tomb:3   | Reached skill level 15 in Necromancy
130466 | Tomb:2   | Reached skill level 15 in Spellcasting
131914 | Tomb:3   | Got a twisted robe
133100 | Tomb:3   | Reached XP level 27. HP: 162/164 MP: 18/43
133420 | Tomb:2   | Reached skill level 10 in Traps & Doors
133548 | Tomb:3   | Got a golden rune of Zot
133887 | Tomb:3   | Reached skill level 16 in Necromancy
133957 | Tomb:3   | Got a jade ring
133971 | Tomb:3   | Got a conspicuous book
133976 | Tomb:3   | Identified the Grimoire of Dislocated Envenoming (You found it on level 3 of the Tomb of the Ancients)
133979 | Tomb:3   | Got a glittering garnet amulet
133992 | Tomb:3   | Got a torn book
133993 | Tomb:3   | Identified the Catalogue of Stones (You found it on level 3 of the Tomb of the Ancients)
133997 | Tomb:3   | Got a conspicuous book
133998 | Tomb:3   | Identified the Volume of Lucky Creation (You found it on level 3 of the Tomb of the Ancients)
134001 | Tomb:3   | Identified the ring of Shaolin (You found it on level 3 of the Tomb of the Ancients)
134002 | Tomb:3   | Identified the amulet "Hiurit" (You found it on level 3 of the Tomb of the Ancients)
134028 | Tomb:3   | Got a motley cloak
134910 | Lair:1   | Identified the cursed -1 robe of the Beekeeper (You took it off a guardian mummy on level 3 of the Tomb of the Ancients)
135132 | Orc:4    | Bought a book of Control for 780 gold pieces
135139 | Orc:4    | Noticed a two-headed ogre
135140 | Orc:4    | Noticed an ogre mage
135147 | Orc:4    | Defeated a two-headed ogre
135151 | Orc:4    | Defeated an ogre mage
135382 | Lair:1   | Learned a level 1 spell: Apportation
135384 | Lair:1   | Learned a level 1 spell: Summon Butterflies
135389 | Lair:1   | Learned a level 4 spell: Control Teleport
135740 | D:20     | Entered Level 20 of the Dungeon
138029 | Orc:4    | Bought a book of the Sky for 780 gold pieces
138037 | Orc:4    | Learned a level 6 spell: Deflect Missiles
138540 | Vault:2  | Learned a level 4 spell: Flight
139072 | Vault:4  | Found a staircase to the Hall of Blades.
139291 | Vault:4  | Noticed Boris
139299 | Vault:4  | Defeated Boris
140219 | Vault:5  | Got a glistering book
140220 | Vault:5  | Identified the Reference Book on Stones (You found it on level 5 of the Vaults)
140697 | Vault:5  | Found Ekkaav's General Store.
140705 | Vault:5  | Bought a scroll of blinking for 54 gold pieces
140705 | Vault:5  | Bought a scroll of blinking for 54 gold pieces
141113 | Vault:6  | Gained mutation: Your mind is acute (Int +1).
141153 | Vault:6  | Found Hogoili's Distillery.
141194 | Vault:6  | Bought a potion of heal wounds for 48 gold pieces
141194 | Vault:6  | Bought a potion of heal wounds for 48 gold pieces
141194 | Vault:6  | Bought a potion of heal wounds for 48 gold pieces
141513 | Vault:6  | Found Taetat's Assorted Antiques.
141521 | Vault:6  | Bought a wand of healing for 1230 gold pieces
142089 | Vault:7  | A manticore changed into a guardian serpent
142096 | Vault:7  | A guardian serpent changed into a yak
143970 | Elf:5    | Reached skill level 10 in Fighting
144105 | Elf:5    | Noticed a deep elf blademaster
144116 | Elf:5    | Noticed a deep elf master archer
144124 | Elf:5    | Defeated a deep elf blademaster
144319 | Elf:5    | Defeated a deep elf master archer
144367 | Elf:5    | Learned a level 2 spell: Swiftness
144420 | Elf:5    | Identified a +0 pair of boots of running (You found it on level 5 of the Elven Halls)
144436 | Elf:5    | Got a smoking tin ring
144437 | Elf:5    | Identified the ring "Ibbaac" (You found it on level 5 of the Elven Halls)
144495 | Elf:5    | Noticed a deep elf blademaster
144520 | Elf:5    | Defeated a deep elf blademaster
144530 | Elf:5    | Noticed a deep elf master archer
144732 | Elf:5    | Defeated a deep elf master archer
144878 | Elf:5    | Learned a level 2 spell: Projected Noise
144905 | Elf:5    | Got a glistering book
144923 | Elf:5    | Got a smoking ring mail
144932 | Elf:5    | Identified the cursed -1 ring mail of Loss (You found it on level 5 of the Elven Halls)
145336 | Lair:1   | Identified Pusy Toff's Early Guide to Spellcasting (You found it on level 5 of the Elven Halls)
145486 | Shoals:1 | Entered Level 1 of the Shoals
146664 | Shoals:4 | Got a faintly glowing jade ring
146665 | Shoals:4 | Identified the ring "Brud" (You found it on level 4 of the Shoals)
146709 | Shoals:5 | Entered Level 5 of the Shoals
147059 | Shoals:5 | Noticed Saint Roka
147129 | Shoals:5 | Defeated Saint Roka
147195 | Shoals:5 | Reached skill level 15 in Dodging
148415 | D:21     | Found a gateway to Hell.
148538 | D:21     | Found a shattered altar of Ashenzari.
148544 | D:21     | Found a one-way gate leading to the halls of Pandemonium.
148562 | D:21     | Got a polished leather armour
148570 | D:21     | Identified the +5 leather armour of the Maze (You found it on level 21 of the Dungeon)
148694 | D:21     | A shapeshifter changed into a guardian serpent
149238 | D:25     | Entered Level 25 of the Dungeon
149612 | D:27     | Entered Level 27 of the Dungeon
149734 | D:27     | Found a magical portal.
149739 | WizLab   | Entered The Hall of Xomeuc the Hellbinder
149815 | D:27     | Noticed a golden dragon
149835 | D:27     | Defeated a golden dragon
150695 | Shoals:5 | Noticed Ilsuiw
150707 | Shoals:5 | Got a barnacled rune of Zot
151526 | Zot:1    | Entered Level 1 of the Realm of Zot
152534 | Zot:3    | Reached skill level 5 in Translocations
152845 | Zot:5    | Entered Level 5 of the Realm of Zot
152847 | Zot:5    | Got a sparkling book
152848 | Zot:5    | Identified Sif Muna's Almanac of Transformation and Stones (You found it on level 5 of the Realm of Zot)
153256 | Zot:5    | Noticed an orb of fire
153261 | Zot:5    | Gained mutation: You are frail (-10% HP).
153265 | Zot:5    | Gained mutation: Your magical capacity is low (-10% MP).
153274 | Zot:5    | Got the Orb of Zot
153279 | Zot:5    | Noticed an orb of fire
153279 | Zot:5    | Noticed an orb of fire
153279 | Zot:5    | Gained mutation: You are clumsy (Dex -1).
153359 | D:27     | Gained mutation: You digest meat inefficiently.
153384 | D:27     | Gained mutation: Your system is resistant to poisons.
154034 | D:$      | Escaped with the Orb!
